 Dungeon Crawl Stone Soup version 0.31.0-1-g2c135a008e (webtiles) character file.

Game seed: 16335231119649610061

99243 popper the Impaler (level 15, -8/141 HPs)
             Began as a Minotaur Fighter on Jan 20, 2024.
             Was a High Priest of Okawaru.
             Mangled by a +0 war axe of pain (14 damage)
             ... on level 2 of the Elven Halls on Jan 21, 2024.
             The game lasted 01:35:54 (20624 turns).

popper the Impaler (Minotaur Fighter)              Turns: 20624, Time: 01:35:55

Health: -8/141     AC: 18    Str: 33    XL:     15   Next: 77%
Magic:  16/16      EV: 13    Int:  5    God:    Okawaru [*****.]
Gold:   848        SH: 12    Dex: 14    Spells: 14/14 levels left

rFire   + + .        D - +8 trishula "Condemnation" {holy, anguish, *Noise Fly rN+}
rCold   + . .        c - +0 kite shield {reflect}
rNeg    + + +        b - +2 chain mail {rC+}
rPois   +            (helmet restricted)
rElec   .            N - +0 cloak
rCorr   +            F - -1 pair of gloves of Ignis's Envy {rCorr Str+5 Dex+4}
SInv    .            C - +0 pair of boots
Will    ++...        f - amulet of magic regeneration Stlth
                     E - ring of Xom's Fair Game {^Contam rF++ rN+++ Will+ Slay+2}
HPRegen 0.43/turn    e - ring of poison resistance
MPRegen 0.55/turn

%: reflection
@: flying, invisible
A: horns 2, retaliatory headbutt
a: Renounce Religion, Heroism, Finesse, Duel


You were on level 2 of the Elven Halls.
You worshipped Okawaru.
Okawaru was extremely pleased with you.
You visited 4 branches of the dungeon, and saw 20 of its levels.
You visited 1 bazaar.
You also visited: Sewer.

You collected 1987 gold pieces.
You spent 1139 gold pieces at shops.

Inventory:

Hand Weapons
 m - the +11 morningstar of Impermanence {freeze, rC+}
   (You bought it in a shop in a bazaar)

   rC+:       It protects you from cold.
 w - a +4 vampiric battleaxe
 D - the +8 trishula "Condemnation" (weapon) {holy, anguish, *Noise Fly rN+}
   (You found it on level 5 of the Dungeon)

   rN+:       It protects you from negative energy.
   Fly:       It grants you flight.
   *Noise:    It may make a loud noise when swung.
 G - a +2 war axe of electrocution
 S - the +5 demon whip "Spellbinder" {antimagic, disrupt, Will+}
   (You found it on level 1 of the Lair of Beasts)

   Will+:     It increases your willpower.
Missiles
 r - 3 darts of dispersal
 A - 2 boomerangs (quivered)
 J - 2 throwing nets
 R - 25 poisoned darts
Armour
 b - a +2 chain mail of cold resistance (worn)
 c - a +0 kite shield of reflection (worn)
 C - a +0 pair of boots (worn)
 F - the -1 pair of gloves of Ignis's Envy (worn) {rCorr Str+5 Dex+4}
   (You found it on level 6 of the Dungeon)

   Str+5:     It affects your strength (+5).
   Dex+4:     It affects your dexterity (+4).
   rCorr:     It protects you from acid and corrosion.
 K - the +0 ring mail "Jongof" {rCorr}
   (You found it on level 11 of the Dungeon)

   rCorr:     It protects you from acid and corrosion.
 L - a +2 troll leather armour {Snorg}
 M - the +2 kite shield of Winter {Regen+}
   (You found it on level 4 of the Lair of Beasts)

   Regen+:    It increases your rate of health regeneration.
 N - a +0 cloak (worn)
Jewellery
 e - a ring of poison resistance (right hand)
 f - an amulet of magic regeneration (around neck)
 h - a ring of willpower
 t - a ring of resist corrosion
 x - a ring of flight
 E - the ring of Xom's Fair Game (left hand) {^Contam rF++ rN+++ Will+ Slay+2}
   (You bought it in a shop on level 9 of the Dungeon)

   [ring of willpower]

   Slay+2:    It affects your accuracy & damage with ranged weapons and melee
   (+2).
   rF++:      It greatly protects you from fire.
   rN+++:     It renders you almost immune to negative energy.
   Will+:     It increases your willpower.
   ^Contam:   It causes magical contamination when unequipped.
 O - a +4 ring of protection
 W - a ring of ice
Wands
 p - a wand of polymorph (8)
 q - a wand of acid (5)
 v - a wand of mindburst (28)
 y - a wand of digging (7)
 I - a wand of iceblast (8)
Scrolls
 g - 2 scrolls of poison
 i - a scroll of amnesia
 o - 4 scrolls of enchant weapon
 z - 2 scrolls of enchant armour
 B - 2 scrolls of revelation
 H - 3 scrolls of identify
 P - 2 scrolls of brand weapon
 Q - 2 scrolls of fear
 V - a scroll of immolation
Potions
 d - a potion of haste
 j - 5 potions of brilliance
 k - a potion of berserk rage
 l - 3 potions of mutation
 n - 3 potions of enlightenment
 s - a potion of cancellation
 u - 5 potions of curing
 T - a potion of attraction
 U - a potion of ambrosia
 Y - 2 potions of lignification
 Z - a potion of might


   Skills:
 + Level 15.2 Fighting
 + Level 8.9(14.5) Axes
 + Level 18.0(18.7) Polearms
 + Level 10.5 Throwing
 + Level 12.3 Armour
 + Level 9.4 Dodging
 + Level 4.5 Stealth
 + Level 11.0 Shields
 + Level 3.9 Invocations
 + Level 2.8 Evocations


You had 14 spell levels left.
You didn't know any spells.
Your spell library contained the following spells:

 Spells                   Type           Power      Damage    Failure   Level
 Freeze                   Ice            0%         1d3       91%         1
 Slow                     Hex            0%         N/A       91%         1
 Sting                    Conj/Alch      0%         1d3       91%         1
 Cigotuvi's Dreadful Rot  Necr/Alch/Air  0%         N/A       97%         2
 Mercury Vapours          Alch/Air       0%         N/A       97%         2
 Scorch                   Fire           0%         2d5       97%         2
 Confusing Touch          Hex            0%         N/A       100%        3
 Frozen Ramparts          Ice            0%         1d1       100%        3
 Hailstorm                Conj/Ice       0%         3d5       100%        3
 Sigil of Binding         Hex            0%         N/A       100%        3
 Vampiric Draining        Necr           0%         2d6       100%        3
 Anguish                  Hex/Necr       0%         N/A       100%        4
 Cause Fear               Hex            0%         N/A       100%        4
 Dispel Undead            Necr           0%         3d6       100%        4
 Flame Wave               Conj/Fire      0%         2d4       100%        4
 Ignite Poison            Fire/Alch      0%         N/A       100%        4
 Olgreb's Toxic Radiance  Alch           0%         N/A       100%        4
 Sticky Flame             Fire/Alch      0%         2d4       100%        4
 Enfeeble                 Hex            0%         N/A       100%        7
 Ozocubu's Refrigeration  Ice            0%         4d7       100%        7
 Discord                  Hex            0%         N/A       100%        8
 Ignition                 Fire           0%         3d3       100%        8
 Martyr's Knell           Necr/Summ      Unusable   N/A       N/A         4
 Death Channel            Necr           Unusable   N/A       N/A         6
 Summon Cactus Giant      Summ           Unusable   N/A       N/A         6

Dungeon Overview and Level Annotations

Branches:
Dungeon (12/15)            Temple (0/1) D:4            Lair (5/5) D:9
  Swamp (0/4) Lair:2        Snake (0/4) Lair:2        Slime (0/5) Lair:5
    Orc (2/2) D:10            Elf (2/3) Orc:2         Sewer (visited)

Altars:
Ashenzari
Fedhas
Gozag
Hepliaklqana
Kikubaaqudgha
Nemelex Xobeh
Okawaru
Qazlal
Ru
Yredelemnul
Zin
The Shining One
Jiyva

Shops:
D:3 *   D:9 ====   Orc:2 [=(*   Elf:1 (([*   Elf:2 =[!


Innate Abilities, Weirdness & Mutations

You have a pair of horns on your head.
You reflexively headbutt those who attack you in melee.


Message History

You are too injured to fight recklessly!
You are too injured to fight recklessly!
You puncture the +0 war axe of pain!
The +0 war axe of pain is moderately damaged.
The +0 war axe of pain hits you!
You hit the +0 war axe of pain but do no damage.
The +0 war axe of pain is moderately damaged.
The +0 war axe of pain hits you!
You hit the +0 war axe of pain but do no damage.
The +0 war axe of pain is moderately damaged.
The +0 war axe of pain hits you but does no damage.
The +0 heavy war axe hits you but does no damage.
You hit the +0 war axe of pain.
You headbutt the +0 war axe of pain, but do no damage.
The +0 war axe of pain is heavily damaged.
The +0 war axe of pain hits you!
* * * LOW HITPOINT WARNING * * *
You closely miss the +0 war axe of pain.
Your headbutt misses the +0 war axe of pain.
The +0 war axe of pain is moderately damaged.
The +0 heavy war axe hits you!!
* * * LOW HITPOINT WARNING * * *
The +0 war axe of pain hits you.
* * * LOW HITPOINT WARNING * * *
You feel much better. The +0 war axe of pain hits you!!
* * * LOW HITPOINT WARNING * * *
The +0 heavy war axe hits you!
* * * LOW HITPOINT WARNING * * *
You fade into invisibility!
The +0 war axe of pain closely misses you.
You block the +0 heavy war axe's attack.
The +0 war axe of pain closely misses you.
You furiously retaliate!
You headbutt the +0 war axe of pain!
Items here: ( )) [ †.
There is an open door, spattered with blood here.
The +0 war axe of pain hits you but does no damage.
There is an open door here.
The +0 war axe of pain misses you. The +0 war axe of pain hits you!
You die...

.##..#.#### #...)...#
#.#..### #..)()..#
##....# ####'####
#....# #.##.##.#
##..## #)##'##)# #..#
#.8⌠.⌠8.# ##.#
#...(...# #.#
##..(..## #.####
##.@.##
#....########'#######
####.##.............#
#..######...######
##....).....#
#######....# ######


You could see 2 dancing weapons.

Vanquished Creatures
  Saint Roka (Orc:1)
  A deep elf blademaster (Elf:2)
  5 acid blobs (Lair:4)
  5 azure jellies (Lair:4)
  Donald (Elf:1)
  2 orc warlords
  The ghost of Odimp the Protected, a journeyman KoWn of Wu Jian (Lair:4)
  A dire elephant (Lair:2)
  Snorg (D:11)
  An ettin (Orc:1)
  The ghost of Dunwar the Spear-Bearer, a journeyman GnCK of Xom (Lair:1)
  2 hydras
  A ghost crab (Lair:2)
  2 anacondas (Lair:2)
  3 two-headed ogres
  16 dancing weapons
  4 death yaks
  A vampire mage (Lair:1)
  2 orc high priests
  Sonja (D:11)
  6 deep elf knights
  A skyshark (Lair:4)
  A glowing orange brain (Lair:4)
  A deep elf archer (Elf:2)
  A spectral hydra (Lair:2)
  13 deep elf zephyrmancers
  An orc knight (Orc:2)
  11 deep elf pyromancers
  2 cyclopes
  2 manticores (Lair:2)
  7 orc sorcerers
  11 elephants
  2 black mambas (Lair:2)
  A torpor snail (Lair:1)
  2 eyes of devastation (Lair:4)
  8 cane toads
  A kobold demonologist (D:12)
  A rime drake (Lair:3)
  3 komodo dragons
  Psyche (D:12)
  5 polar bears
  10 trolls
  Grinder (D:3)
  6 dream sheep (Lair:2)
  7 blink frogs
  An air elemental (Elf:1)
  2 shadows
  4 slime creatures (Lair:4)
  A water elemental (Elf:2)
  Sigmund (D:3)
  A basilisk (Lair:2)
  4 wraiths
  37 yaks
  A vampire (D:11)
  Eustachio (D:4)
  A human (Lair:1)
  A fire elemental (Elf:1)
  5 vampire mosquitoes
  A warg (Orc:1)
  2 steam dragons
  9 water moccasins
  2 acid dragons
  29 orc warriors
  An ice beast (D:5)
  A sky beast (D:6)
  4 black bears
  3 ogres (Orc:2)
  9 wolves
  A spectral rime drake (Lair:2)
  8 kobold brigands
  2 phantoms
  9 bullfrogs
  2 brain worms (Sewer)
  A spectral water moccasin (Lair:2)
  A gnoll sergeant (D:6)
  3 scorpions
  5 wights (D:8)
  The ghost of qwarkbark the Cudgeller, a weakling MiGl (D:3)
  4 electric eels
  A howler monkey (D:10)
  7 hounds
  2 jellies (D:5)
  19 orc priests
  Ijyb (D:3)
  3 sleepcaps
  Natasha (D:2)
  25 orc wizards
  A scorpion simulacrum (D:3)
  Robin (D:2)
  3 gnolls (D:6)
  8 adders
  4 river rats (Sewer)
  2 shadow imps
  A white imp (D:6)
  A howler monkey simulacrum (D:3)
  2 ufetubi (D:5)
  3 ribbon worms
  4 dart slugs
  An adder simulacrum (D:3)
  83 orcs
  6 endoplasms
  4 giant cockroaches
  12 goblins
  11 hobgoblins
  8 jackals
  29 kobolds
  5 quokkas
  17 ball pythons
  9 bats
  6 frilled lizards
  A quokka simulacrum (D:3)
  4 rats
600 creatures vanquished.

Vanquished Creatures (others)
  Nessos (Orc:2)
  A hydra (Lair:4)
  3 death yaks
  2 two-headed ogres
  2 orc knights (Orc:2)
  An orc sorcerer (Orc:1)
  A black mamba (Lair:2)
  An unseen horror (D:10)
  2 komodo dragons
  A troll (D:10)
  A blink frog (Lair:1)
  3 yaks
  A vampire (D:11)
  A vampire mosquito (D:10)
  3 orc warriors
  A human (D:8)
  A wolf (Lair:2)
  An ogre (Orc:1)
  A kobold brigand (Sewer)
  An orc wizard (D:8)
  A river rat (Sewer)
  An orc (D:6)
  A kobold (D:8)
32 creatures vanquished.

Grand Total: 632 creatures vanquished

Notes
Turn   | Place    | Note
-------+----------+-------------------------------------------
     0 | D:1      | popper the Minotaur Fighter began the quest for the Orb.
     0 | D:1      | Reached XP level 1. HP: 19/19 MP: 0/0
   214 | D:1      | Reached XP level 2. HP: 23/27 MP: 1/1
   445 | D:1      | Reached XP level 3. HP: 32/33 MP: 2/2
   792 | D:2      | Found an iron altar of Okawaru.
   799 | D:2      | Became a worshipper of Warmaster Okawaru
  1078 | D:2      | Noticed Robin
  1101 | D:2      | Killed Robin
  1102 | D:2      | Reached XP level 4. HP: 26/39 MP: 3/3
  1630 | D:2      | Noticed Natasha
  1636 | D:2      | Killed Natasha
  1818 | D:3      | Noticed Sigmund
  1889 | D:3      | Killed Sigmund
  1889 | D:3      | Reached * piety under Okawaru
  1890 | D:3      | Reached skill level 5 in Armour
  1890 | D:3      | Reached skill level 1 in Dodging
  1890 | D:3      | Reached XP level 5. HP: 26/47 MP: 4/4
  1996 | D:3      | Found a sacrificial altar of Ru.
  2144 | D:3      | Found Ankuuv's Assorted Antiques.
  2152 | D:3      | Found a runed translucent gate.
  2188 | D:3      | Noticed Grinder
  2192 | D:3      | Reached XP level 6. HP: 53/53 MP: 5/5
  2196 | D:3      | Killed Grinder
  2197 | D:3      | Reached skill level 5 in Axes
  2257 | D:3      | Found a runed translucent gate.
  2258 | D:3      | Found a runed translucent gate.
  2260 | D:3      | Noticed Ijyb
  2266 | D:3      | Killed Ijyb
  2418 | D:3      | Noticed qwarkbark's ghost (weakling MiGl)
  2425 | D:3      | Killed qwarkbark's ghost
  2426 | D:3      | Reached XP level 7. HP: 52/60 MP: 3/6
  2829 | D:4      | Reached skill level 5 in Shields
  2970 | D:4      | Found a staircase to the Ecumenical Temple.
  3160 | D:4      | Found a sparkling altar of Nemelex Xobeh.
  3239 | D:4      | Noticed Eustachio
  3256 | D:4      | Killed Eustachio
  3257 | D:4      | Reached skill level 5 in Fighting
  3671 | D:5      | Entered Level 5 of the Dungeon
  3674 | D:5      | Reached ** piety under Okawaru
  3684 | D:5      | Reached XP level 8. HP: 58/68 MP: 7/7
  4056 | D:5      | Found a stormy altar of Qazlal.
  4201 | D:5      | Found the +8 trishula "Condemnation" {holy, anguish, *Noise
                  | Fly rN+}
  4284 | D:6      | Reached skill level 1 in Polearms
  4318 | D:6      | Identified the -1 pair of gloves of Ignis's Envy {rCorr
                  | Str+5 Dex+4}
  4342 | D:6      | Found a glowing drain.
  4523 | D:6      | Reached *** piety under Okawaru
  4524 | D:6      | Reached skill level 2 in Polearms
  4644 | D:6      | Reached skill level 3 in Polearms
  4789 | Sewer    | Entered a sewer
  4916 | Sewer    | Reached skill level 4 in Polearms
  4975 | Sewer    | Reached XP level 9. HP: 75/78 MP: 8/8
  5151 | Sewer    | Reached skill level 5 in Polearms
  5436 | D:6      | You are sucked into a shaft and drop 2 floors!
  5516 | D:8      | Reached skill level 6 in Polearms
  5633 | D:8      | Reached skill level 7 in Polearms
  6166 | D:8      | Found an ancient bone altar of Kikubaaqudgha.
  6255 | D:8      | Found an iron altar of Okawaru.
  6745 | D:9      | Found Kievu's Jewellery Shoppe.
  6841 | D:9      | Reached skill level 1 in Stealth
  6855 | D:9      | Reached skill level 8 in Polearms
  6879 | D:9      | Found Lugym's Jewellery Boutique.
  6879 | D:9      | Found a basalt altar of Yredelemnul.
  6891 | D:9      | Reached **** piety under Okawaru
  7048 | D:9      | Found a blossoming altar of Fedhas.
  7082 | D:9      | Found a staircase to the Lair.
  7290 | D:9      | Found a hazy altar of Hepliaklqana.
  7414 | D:9      | Noticed a troll
  7421 | D:9      | Killed a troll
  7422 | D:9      | Reached skill level 9 in Polearms
  7474 | D:9      | Found Hutun's Jewellery Shoppe.
  7517 | D:9      | Reached XP level 10. HP: 84/86 MP: 9/9
  7618 | D:9      | Found an opulent altar of Gozag.
  7618 | D:9      | Found a glowing silver altar of Zin.
  7792 | D:9      | Noticed a two-headed ogre
  7794 | D:9      | Killed a two-headed ogre
  7794 | D:9      | Reached ***** piety under Okawaru
  7795 | D:9      | Reached skill level 10 in Polearms
  7996 | D:9      | Found Weufek's Jewellery Emporium.
  8146 | D:10     | Entered Level 10 of the Dungeon
  8152 | D:10     | Reached skill level 1 in Evocations
  8171 | D:10     | Noticed a two-headed ogre
  8179 | D:10     | Killed a two-headed ogre
  8180 | D:10     | Reached skill level 1 in Invocations
  8192 | D:10     | Received a gift from Okawaru
  8210 | D:10     | Reached skill level 10 in Armour
  8400 | D:10     | Reached skill level 11 in Polearms
  8546 | D:10     | Found a glowing golden altar of the Shining One.
  8572 | D:10     | Found a broken altar of Ashenzari.
  8719 | D:10     | Found a staircase to the Orcish Mines.
  9085 | D:10     | Noticed a cyclops
  9101 | D:10     | Killed a cyclops
  9102 | D:10     | Reached XP level 11. HP: 94/94 MP: 10/10
  9881 | D:11     | Noticed a two-headed ogre
  9891 | D:11     | Killed a two-headed ogre
  9892 | D:11     | Reached skill level 12 in Polearms
  9968 | D:11     | Identified the +0 ring mail "Jongof" {rCorr}
  9996 | D:11     | Noticed Snorg
 10005 | D:11     | Killed Snorg
 10053 | D:11     | Noticed Sonja
 10060 | D:11     | Killed Sonja
 10214 | D:11     | Noticed a two-headed ogre
 10220 | D:11     | Killed a two-headed ogre
 10220 | D:11     | Received a gift from Okawaru
 10486 | D:12     | Noticed Psyche
 10496 | D:12     | Killed Psyche
 10497 | D:12     | Reached skill level 13 in Polearms
 10615 | D:12     | Noticed a two-headed ogre
 10622 | D:12     | Killed a two-headed ogre
 10816 | D:12     | Noticed a sun demon
 11033 | D:12     | Received a gift from Okawaru
 11237 | Orc:1    | Entered Level 1 of the Orcish Mines
 11410 | Orc:2    | Entered Level 2 of the Orcish Mines
 11410 | Orc:2    | Noticed Nessos
 11449 | Orc:1    | Reached XP level 12. HP: 44/106 MP: 12/12
 11517 | Orc:2    | Reached skill level 10 in Fighting
 11517 | Orc:2    | Killed Nessos
 11518 | Orc:2    | Reached skill level 14 in Polearms
 11637 | Orc:2    | Reached skill level 1 in Throwing
 11779 | Orc:2    | Found a staircase to the Elven Halls.
 11888 | Orc:2    | Noticed Saint Roka
 11935 | Orc:2    | Received a gift from Okawaru
 11945 | Orc:1    | Noticed an orc warlord
 12196 | D:9      | Bought the ring of Xom's Fair Game {^Contam rF++ rN+++
                  | Will+ Slay+2} for 806 gold pieces
 12262 | Lair:1   | Entered Level 1 of the Lair of Beasts
 12386 | Lair:1   | Noticed Dunwar's ghost (journeyman GnCK)
 12391 | Lair:1   | Found a runed translucent gate.
 12391 | Lair:1   | Found a runed translucent gate.
 12391 | Lair:1   | Found a runed translucent gate.
 12644 | Lair:1   | Noticed a death yak
 12651 | Lair:1   | Killed a death yak
 12682 | Lair:1   | Found a runed translucent door.
 12714 | Lair:1   | Noticed a vampire mage
 12714 | Lair:1   | Found the +5 demon whip "Spellbinder" {antimagic, disrupt,
                  | Will+}
 12718 | Lair:1   | Killed a vampire mage
 12719 | Lair:1   | Reached skill level 15 in Polearms
 12978 | Lair:1   | Killed Dunwar's ghost
 12978 | Lair:1   | Received a gift from Okawaru
 12983 | Lair:1   | Reached skill level 5 in Dodging
 13061 | Lair:2   | Found a staircase to the Snake Pit.
 13155 | Lair:2   | Identified the +1 falchion "Udalilus" {antimagic, rCorr}
 13227 | Lair:2   | Reached XP level 13. HP: 117/117 MP: 13/13
 13274 | Lair:2   | Noticed a dire elephant
 13286 | Lair:2   | Killed a dire elephant
 13286 | Lair:2   | Received a gift from Okawaru
 13745 | Lair:2   | Reached skill level 5 in Throwing
 13775 | Lair:2   | Found a staircase to the Swamp.
 13906 | Lair:2   | Reached skill level 16 in Polearms
 14000 | Lair:2   | Received a gift from Okawaru
 14356 | Lair:3   | Received a gift from Okawaru
 15286 | Lair:4   | Reached XP level 14. HP: 129/129 MP: 15/15
 15514 | Lair:4   | Found a runed translucent gate.
 15514 | Lair:4   | Found a runed translucent gate.
 15514 | Lair:4   | Found a runed translucent gate.
 15514 | Lair:4   | Noticed an acid blob
 15514 | Lair:4   | Noticed an azure jelly
 15514 | Lair:4   | Noticed an acid blob
 15514 | Lair:4   | Noticed an azure jelly
 15514 | Lair:4   | Noticed an azure jelly
 15515 | Lair:4   | Found a viscous altar of Jiyva.
 15515 | Lair:4   | Noticed Odimp's ghost (journeyman KoWn)
 15515 | Lair:4   | Noticed an azure jelly
 15515 | Lair:4   | Noticed an acid blob
 15515 | Lair:4   | Noticed an acid blob
 15516 | Lair:4   | Noticed an azure jelly
 15538 | Lair:4   | Noticed an acid blob
 15697 | Lair:4   | Received a gift from Okawaru
 16305 | Lair:4   | Killed an acid blob
 16533 | Lair:4   | Killed an acid blob
 16578 | Lair:4   | Killed an acid blob
 16602 | Lair:4   | Killed an azure jelly
 16608 | Lair:4   | Killed an azure jelly
 16764 | Lair:4   | Killed an acid blob
 16802 | Lair:4   | Killed an azure jelly
 16886 | Lair:4   | Identified the +2 kite shield of Winter {Regen+}
 16908 | Lair:4   | Killed an azure jelly
 16908 | Lair:4   | Received a gift from Okawaru
 17028 | Lair:4   | Killed an acid blob
 17083 | Lair:4   | Killed Odimp's ghost
 17119 | Lair:4   | Killed an azure jelly
 17120 | Lair:4   | Reached skill level 17 in Polearms
 17135 | Lair:5   | Entered Level 5 of the Lair of Beasts
 17187 | Lair:5   | Found a viscous altar of Jiyva.
 17187 | Lair:5   | Found a staircase to the Slime Pits.
 17419 | Orc:1    | Killed Saint Roka
 17419 | Orc:1    | Received a gift from Okawaru
 17472 | Orc:2    | Noticed an orc warlord
 17545 | Orc:1    | Killed an orc warlord
 17923 | Orc:2    | Found Hylulipn's Antique Weapon Boutique.
 17990 | Orc:2    | Found Neurrysk's General Store.
 17997 | Orc:2    | Bought a scroll of blinking for 135 gold pieces
 18005 | Orc:2    | Found Jioleex's Jewellery Boutique.
 18022 | Orc:2    | Found Elifer's Antique Armour Boutique.
 18363 | Orc:1    | Paralysed by an orc sorcerer for 5 turns
 18378 | Orc:2    | Received a gift from Okawaru
 18526 | Orc:2    | Killed an orc warlord
 18679 | Elf:1    | Entered Level 1 of the Elven Halls
 18702 | Orc:2    | Paralysed by an orc sorcerer for 5 turns
 18709 | Orc:2    | Reached XP level 15. HP: 138/138 MP: 16/16
 18738 | Elf:1    | Reached skill level 10 in Shields
 19019 | Elf:1    | Received a gift from Okawaru
 19159 | Elf:1    | Paralysed by an air elemental for 1 turns
 19176 | Elf:1    | Found Ezaw's General Store.
 19191 | Elf:1    | Found a gateway to a bazaar.
 19202 | Elf:1    | Found Keherow's Armour Shoppe.
 19203 | Elf:1    | Noticed Donald
 19210 | Elf:1    | Killed Donald
 19307 | Bazaar   | Entered a bazaar
 19321 | Bazaar   | Found Camobivy's Book Emporium.
 19367 | Bazaar   | Found Peimi's Antique Weapon Emporium.
 19410 | Bazaar   | Bought an iridescent morningstar for 198 gold pieces
 19410 | Bazaar   | Identified the +11 morningstar of Impermanence {freeze,
                  | rC+} (You bought it in a shop in a bazaar)
 19672 | Elf:1    | Identified the orb of Yxostr Saivi {*channel, +Blink Str+4}
 19698 | Elf:1    | Found Iloi's Weapon Boutique.
 19864 | Elf:1    | Found Ymant's Antique Weapon Shop.
 19875 | Elf:1    | You are sucked into a shaft and drop 1 floor!
 19883 | Elf:2    | Reached skill level 10 in Throwing
 20013 | Elf:2    | Reached skill level 15 in Fighting
 20020 | Elf:2    | Received a gift from Okawaru
 20021 | Elf:2    | Found Putowiza's Antique Armour Emporium.
 20084 | Elf:2    | Found Sudyteb's Jewellery Emporium.
 20183 | Elf:2    | Found Ocsawnih's Distillery.
 20270 | Elf:2    | Found a runed translucent gate.
 20270 | Elf:2    | Found a runed translucent gate.
 20270 | Elf:2    | Found a runed translucent gate.
 20548 | Elf:2    | Noticed a deep elf blademaster
 20573 | Elf:2    | Killed a deep elf blademaster
 20586 | Elf:2    | Received a gift from Okawaru
 20601 | Elf:2    | Reached skill level 18 in Polearms
 20615 | Elf:2    | HP: 2/141 [+0 heavy war axe (17)]
 20624 | Elf:2    | Mangled by a +0 war axe of pain

Illustrated notes

Levels and vault maps discovered:
D:1:      heliophobic_arrival_glass_houses, layout_basic
D:2:      layout_loops_corners, serial_forest, infiniplex_forest_clump_diagonal,
          infiniplex_forest_lined_3, infiniplex_forest_clump_curved,
          infiniplex_forest_clump_medium, infiniplex_forest_join,
          infiniplex_forest_end_2, infiniplex_forest_lined_room_2,
          infiniplex_forest_lined_room_2, infiniplex_forest_straight_3,
          basic_altar, minivault_26, uniq_robin, uniq_natasha
D:3:      layout_basic, nicolae_ru_awakened_eye, serial_shops, shop,
          gammafunk_ghost_icy, hex_large, st_stairs_10, uniq_grinder,
          uniq_sigmund, uniq_ijyb
D:4:      layout_basic, overflow_temple_1_default, minmay_temple_entry_fiery,
          uniq_eustachio
D:5:      layout_rooms, grunt_qazlal_clouds
D:6:      layout_basic, cheibrodos_sewer_entry_drain
D:8:      layout_basic, kennysheep_okawaru_gauntlet, tgw_kikubaaqudgha,
          uniq_maggie
D:9:      layout_long_grid, grunt_temple_overflow_gold_and_silver,
          nzn_hepliaklqana_mist_gate, mainiacjoe_overflow_catwalk_spiral,
          erik_lair_island, serial_shops, shop, shop,
          nicolae_shop_temple_entry_statues_fountains, shop, lightli_orcish_oven
D:10:     layout_cave_pods, tso_metal_star, ashenzari_altar_1, erik_orc_3
D:11:     layout_long_grid, serial_glass, glass_columns_c, glass_columns_c,
          uniq_sonja, uniq_snorg
D:12:     layout_roguey, uniq_psyche
Lair:1:   layout_chaotic_city, gammafunk_ghost_split,
          pdpol_lair_cabin_in_the_woods, serial_bayou_shore_a,
          infiniplex_staircase_pool_2
Lair:2:   layout_chaotic_city, nicolae_swamp_entry_spooky, dummy_snake_entry,
          nicolae_lair_lakeside_cave
Lair:3:   layout_cave_pods, infiniplex_staircase_pool, grunt_megastairs_5
Lair:4:   layout_cave_pods, gammafunk_ghost_ooze
Lair:5:   evilmike_catoblepas_cave, layout_concentric_octagons, slime_entry_2,
          enter_volcano_1, bobbens_ice_dragon_lair, grunt_megastairs_3
Orc:1:    layout_diamond_mine, serial_shops
Orc:2:    grunt_orc_cross, layout_caves, uniq_nessos
Elf:1:    nicolae_elf_arrival_no_cutting_in_line, layout_geoelf_diagonals,
          serial_shops, bzr_entry_gold, nicolae_shop_hallway_stairs, shop, shop,
          shop_coins, hangedman_elven_crosses_minicolossus,
          nicolae_elf_shapeshifter_party, uniq_donald
Elf:2:    nicolae_elf_blades_splatter_lattice
          [nicolae_blade_entry_hurt_lockers], layout_rooms, serial_shops, shop,
          shop, shop

Skill      XL: |  1  2  3  4  5  6  7  8  9 10 11 12 13 14 15 |
---------------+----------------------------------------------+-----
Shields        | 4 5 6 7 8 9 11 | 11.0
Fighting       | 4 5 6 7 8 9 11 13 14 15 | 15.2
Axes           | 3 4 6 7 8 |  8.9
Armour         | 4 5 6 7 8 10 11 12 | 12.3
Dodging        | 1 2 3 4 5 6 8 9 |  9.4
Polearms       | 4 9 11 13 15 16 17 18 | 18.0
Stealth        | 1 2 3 4 |  4.5
Evocations     | 2 |  2.8
Invocations    | 1 2 3 |  3.9
Throwing       | 3 7 9 10 | 10.5

Action                     |  1- 3 |  4- 6 |  7- 9 | 10-12 | 13-15 || total
---------------------------+-------+-------+-------+-------+-------++-------
  Melee: War axe           |    98 |    63 |   126 |       |       ||   287
         Headbutt          |    11 |    10 |    44 |    62 |   111 ||   238
         Trishula          |       |       |   205 |   405 |   675 ||  1285
  Throw: Throwing net      |       |       |     2 |     1 |       ||     3
         Javelin           |       |       |       |     1 |    29 ||    30
         Dart              |       |       |       |    25 |    57 ||    82
         Boomerang         |       |       |       |    13 |   155 ||   168
 Invoke: Heroism           |       |     2 |     5 |    13 |    16 ||    36
         Finesse           |       |       |       |     1 |     2 ||     3
  Evoke: Wand              |       |       |     7 |    11 |     3 ||    21
    Use: Scroll            |       |       |    13 |     2 |     8 ||    23
         Potion            |       |       |    10 |       |     6 ||    16
   Stab: Sleeping          |       |       |       |     3 |     3 ||     6
         Distracted        |       |       |       |       |     1 ||     1
 Armour: Scale mail        |    72 |    37 |   177 |    77 |       ||   363
         Troll leather arm |       |       |       |    81 |   312 ||   393
         Ring mail         |       |       |       |     2 |       ||     2
         Chain mail        |       |       |       |       |    55 ||    55
  Dodge: Dodged            |    37 |    25 |   123 |    83 |   201 ||   469
  Block: Buckler           |    26 |    13 |    57 |    55 |    52 ||   203
         Kite shield       |       |       |       |       |   189 ||   189
         Reflection        |       |       |       |       |     7 ||     7
